 Dungeon Crawl Stone Soup version 0.21-a0-504-g2eda330 (webtiles) character file.

1918 slep the Poker (level 8, -13/65 HPs)
             Began as a Demonspawn Monk on Nov 27, 2017.
             Was a Believer of Okawaru.
             Mangled by Joseph
             ... wielding a +0 quarterstaff
              (14 damage)
             ... on level 7 of the Dungeon.
             The game lasted 00:40:38 (5112 turns).

slep the Poker (Demonspawn Monk)                    Turns: 5112, Time: 00:40:38

Health: -13/65     AC:  8    Str: 12 (14) XL:     8   Next: 95%
Magic:  0/8        EV: 10    Int: 11 (12) God:    Okawaru [**....]
Gold:   358        SH:  8    Dex: 15      Spells: 7/7 levels left

rFire    . . .     SeeInvis .   a - +0 spear
rCold    . . .     Gourm    .   F - +0 shield
rNeg     + . .     Faith    .   d - +0 ring mail
rPois    .         Spirit   +   (helmet unavailable)
rElec    .         Reflect  .   (no cloak)
rCorr    .         Harm     .   h - +0 pair of gloves
MR       .....                  (no boots)
Stlth    ++........             (no amulet)
HPRegen  0.20/turn              f - ring of positive energy (curse)
MPRegen  0.11/turn              (no ring)

@: no status effects
A: horns 3, rugged brown scales 1, demonic guardian 1, magic shield
a: Heroism, Renounce Religion


You were on level 7 of the Dungeon.
You worshipped Okawaru.
Okawaru was pleased with you.
You were near starving.

You visited 2 branches of the dungeon, and saw 8 of its levels.

You collected 358 gold pieces.

Inventory:

Hand Weapons
 a - a +0 spear (weapon)
 v - a +0 blowgun
 E - a +0 lajatang
Armour
 b - a +0 robe
 d - a +0 ring mail (worn)
 h - a +0 pair of gloves (worn)
 A - a +0 buckler
 F - a +0 shield (worn)
Jewellery
 f - a cursed ring of positive energy (left hand)
 j - an uncursed ring of stealth {unknown}
Wands
 q - a wand of flame (15)
 r - a wand of scattershot (5)
Scrolls
 e - 4 scrolls of enchant armour {unknown}
 i - a scroll of noise {unknown}
 k - 2 scrolls of random uselessness {unknown}
 o - 2 scrolls of immolation {unknown}
 p - 4 scrolls of teleportation {unknown}
 s - a scroll of fear {unknown}
 t - a scroll of magic mapping {unknown}
 u - 2 scrolls of remove curse {unknown}
 w - a scroll of enchant weapon {unknown}
 y - 6 scrolls of identify {unknown}
 B - a scroll of fog {unknown}
 H - a scroll of blinking {unknown}
Potions
 g - 2 potions of brilliance
 n - a potion of curing
 x - a potion of agility {unknown}
 z - 5 potions of heal wounds
 D - 2 potions of flight {unknown}
Comestibles
 c - 4 bread rations
 l - 3 fruits
 m - a meat ration
 C - 2 royal jellies


   Skills:
 + Level 5.8 Fighting
 + Level 6.8 Polearms
 + Level 4.6 Armour
 + Level 5.0 Dodging
 + Level 3.3 Stealth
 + Level 1.8 Shields


You had 7 spell levels left.
You didn't know any spells.

Dungeon Overview and Level Annotations

Branches:
Dungeon (7/15)             Temple (1/1) D:7

Altars:
Cheibriados
Gozag
Hepliaklqana
Okawaru
Qazlal
Sif Muna
Uskayaw
Yredelemnul
Zin

Shops:
D:5 *   D:6 =

Annotations:
D:7 Joseph


Innate Abilities, Weirdness & Mutations

You have a pair of large horns on your head.
You are partially covered in rugged brown scales. (AC +1, +3% HP)
A weak demonic guardian rushes to your aid.
When hurt, damage is shared between your health and your magic reserves.


Message History

You hit Joseph.
Joseph is severely wounded.
Joseph unwields an uncursed hunting sling of flaming.
It stops flaming.
Joseph wields an uncursed quarterstaff.
You block Joseph's attack.
Your ufetubus hits Joseph.
Your ufetubus closely misses Joseph.
You strike the helpless Joseph from behind!
You hit Joseph but do no damage.
Joseph is severely wounded.
Your ufetubus closely misses Joseph.
Your ufetubus hits Joseph.
Your shield prevents you from hitting Joseph.
Joseph is severely wounded.
Your ufetubus barely misses Joseph. x2
Joseph hits you with an uncursed quarterstaff!
* * * LOW HITPOINT WARNING * * *
You barely miss Joseph.
Joseph is severely wounded.
Your ufetubus barely misses Joseph.
Your ufetubus closely misses Joseph.
Joseph hits you with an uncursed quarterstaff!
You die...

##..# ##..## ##..##
##...# ##..# ###.#
#....### ##.## #..
#......## #..## ##.
#...##..# ##..# #.
#######.# #..## ##.
##.# ##...###..
####..####...###..#
##.@.####..#### #..#
#5@### #.## #..#
#)## #.#######..#
#[# #..#.......#
#)## #....###...#
#..## ##...## ##...
#.o.####....## #...
#............####.##
#.........##......#


You could see Joseph and a friendly ufetubus.

Vanquished Creatures
  Sigmund (D:2)
  The ghost of lunkers the Ruffian, an amateur DrTm (D:3)
  A water moccasin (D:5)
  An ogre (D:7)
  A centaur (D:7)
  A big kobold (Temple)
  A gnoll sergeant (D:5)
  A scorpion (D:5)
  4 killer bees (D:7)
  A howler monkey (D:6)
  2 crimson imps
  2 hounds (D:5)
  2 centaur zombies (D:6)
  2 jellies
  2 orc priests
  2 orc wizards
  A centaur skeleton (D:4)
  2 iguanas (D:5)
  3 worker ants
  A hound zombie (D:5)
  Robin (D:2)
  11 adders
  6 gnolls
  A howler monkey skeleton (D:7)
  A shadow imp (D:5)
  An ooze (D:1)
  An adder zombie (D:6)
  2 adder skeletons
  A worm (D:5)
  A dart slug (D:3)
  5 leopard geckos
  8 orcs
  A ball python (D:1)
  9 bats
  5 giant cockroaches
  12 goblins
  15 hobgoblins
  5 jackals
  2 quokkas
  4 frilled lizards
  3 jackal skeletons
  17 kobolds
  A leopard gecko zombie (D:4)
  8 rats
153 creatures vanquished.

Vanquished Creatures (collateral kills)
  An orc warrior (D:6)
  A sky beast (D:6)
  A scorpion (D:4)
  A crimson imp (D:5)
  An orc priest (D:2)
  5 gnolls
  2 orcs
  A goblin (D:2)
  2 hobgoblins (D:2)
  4 jackals
  A rat (D:2)
20 creatures vanquished.

Vanquished Creatures (others)
  An orc wizard (D:6)
1 creature vanquished.

Grand Total: 174 creatures vanquished

Notes
Turn   | Place    | Note
-------+----------+-------------------------------------------
     0 | D:1      | slep the Demonspawn Monk began the quest for the Orb.
     0 | D:1      | Reached XP level 1. HP: 18/18 MP: 1/1
   191 | D:1      | Gained mutation: When hurt, damage is shared between your health and your magic reserves. [demonic ancestry]
   191 | D:1      | Reached XP level 2. HP: 23/24 MP: 2/2
   455 | D:1      | Reached skill level 3 in Polearms
   652 | D:1      | Gained mutation: A weak demonic guardian rushes to your aid. [demonic ancestry]
   652 | D:1      | Reached XP level 3. HP: 29/29 MP: 3/3
   929 | D:2      | Noticed Robin
   955 | D:2      | Killed Robin
  1035 | D:2      | Found a hazy altar of Hepliaklqana.
  1055 | D:2      | Reached XP level 4. HP: 19/35 MP: 2/4
  1136 | D:2      | Found an opulent altar of Gozag.
  1137 | D:2      | Found a glowing silver altar of Zin.
  1277 | D:2      | Reached skill level 1 in Armour
  1321 | D:2      | Noticed Sigmund
  1341 | D:2      | Killed Sigmund
  1341 | D:2      | Reached skill level 4 in Polearms
  1341 | D:2      | Gained mutation: You are partially covered in rugged brown scales. (AC +1, +3% HP) [demonic ancestry]
  1341 | D:2      | Reached XP level 5. HP: 22/43 MP: 2/5
  1678 | D:3      | Gained mutation: You have a pair of small horns on your head. [demonic ancestry]
  1678 | D:3      | Reached XP level 6. HP: 49/49 MP: 6/6
  1696 | D:3      | Found a deep blue altar of Sif Muna.
  1698 | D:3      | Found a basalt altar of Yredelemnul.
  1707 | D:3      | Found a snail-covered altar of Cheibriados.
  1826 | D:3      | Noticed lunkers's ghost (amateur DrTm)
  1841 | D:3      | Killed lunkers's ghost
  1951 | D:4      | HP: 2/49 [worker ant (2)]
  2409 | D:5      | Entered Level 5 of the Dungeon
  2467 | D:5      | Reached skill level 5 in Polearms
  2488 | D:5      | Gained mutation: You have a pair of horns on your head. [demonic ancestry]
  2488 | D:5      | Reached XP level 7. HP: 46/56 MP: 7/7
  2980 | D:5      | HP: 1/56 [gnoll sergeant/spear (7)]
  3178 | D:5      | Found Liorphir's Serpentskin Sales.
  3187 | D:5      | Reached skill level 5 in Fighting
  3187 | D:5      | Gained mutation: You have a pair of large horns on your head. [demonic ancestry]
  3187 | D:5      | Reached XP level 8. HP: 42/63 MP: 6/8
  3532 | D:6      | Found a stormy altar of Qazlal.
  3577 | D:6      | Reached skill level 6 in Polearms
  3861 | D:6      | HP: 3/63 [orc warrior/flail (11)]
  3917 | D:6      | Found Fuyh Lavye's Jewellery Shoppe.
  4331 | D:7      | Reached skill level 1 in Shields
  4436 | D:7      | Found a staircase to the Ecumenical Temple.
  4443 | Temple   | Entered the Ecumenical Temple
  4486 | Temple   | Became a worshipper of Warmaster Okawaru
  4486 | Temple   | Reached * piety under Okawaru
  4486 | Temple   | Reached ** piety under Okawaru
  5069 | D:7      | Noticed Joseph
  5087 | D:7      | Reached skill level 5 in Dodging
  5111 | D:7      | HP: 1/65 [Joseph/uncursed quarterstaff (8)]
  5112 | D:7      | Mangled by Joseph

Vault maps used:
D:1:      minmay_arrival_up_and_down, hex_medium
D:2:      grunt_temple_overflow_gold_and_silver, lemuel_doored_altar,
          st_stairs_1, uniq_sigmund, uniq_robin
D:3:      gammafunk_temple_overflow_forgotten
D:4:      first_bread, hangedman_abyss_or_decor_passed,
          kennysheep_generic_room_15
D:5:      guppyfry_shop_venom
D:6:      grunt_qazlal_clouds, serial_shops, shop_fountains,
          kennysheep_generic_room_13
D:7:      overflow_temple_1_default, minmay_temple_entry_hall, serial_shops,
          shop_statue, uniq_joseph
Temple:   minmay_temple_forest_path

Skill      XL: |  1  2  3  4  5  6  7  8 |
---------------+-------------------------+-----
Dodging        | 3 4 5 |  5.0
Polearms       | 3 4 5 6 |  6.8
Stealth        | 2 3 |  3.3
Armour         | 1 2 3 4 |  4.6
Fighting       | 4 5 |  5.8
Shields        | 1 |  1.8

Action                   |  1- 3 |  4- 6 |  7- 9 || total
-------------------------+-------+-------+-------++-------
Melee: Spear             |   165 |   299 |   447 ||   911
       Headbutt          |       |    23 |    74 ||    97
  Use: Potion            |     1 |     3 |     6 ||    10
 Stab: Sleeping          |     3 |     1 |     5 ||     9
       Distracted        |     1 |     1 |     2 ||     4
  Eat: Chunk             |     1 |     5 |     7 ||    13
Armor: Ring mail         |    48 |    69 |   116 ||   233
Dodge: Dodged            |    87 |   196 |   162 ||   445
Block: Buckler           |       |       |    22 ||    22
       Shield            |       |       |    58 ||    58

Table legend:
 A = Spawn XP
 B = Non-spawn XP
 C = Spawn XP percentage of total XP
 D = Spawn monster count
 E = Non-spawn monster count
 F = Spawn count percentage of total count
 G = Total turns spent on level
                    A         B        C        D         E        F      G
               +---------+---------+-------+---------+---------+-------+---------
         Total |       0 |    2740 |   0.0 |       0 |     174 |   0.0 |  5112
               +---------+---------+-------+---------+---------+-------+---------
           D:1 |       0 |      41 |   0.0 |       0 |      21 |   0.0 |   827
           D:2 |       0 |     291 |   0.0 |       0 |      39 |   0.0 |   658
           D:3 |       0 |     238 |   0.0 |       0 |      25 |   0.0 |   561
           D:4 |       0 |     157 |   0.0 |       0 |       9 |   0.0 |   548
           D:5 |       0 |     768 |   0.0 |       0 |      35 |   0.0 |   998
           D:6 |       0 |     535 |   0.0 |       0 |      20 |   0.0 |   880
           D:7 |       0 |     619 |   0.0 |       0 |      24 |   0.0 |   559
        Temple |       0 |      91 |   0.0 |       0 |       1 |   0.0 |    81
               +---------+---------+-------+---------+---------+-------+---------
